 Dungeon Crawl Stone Soup version 0.26.1-11-gd32895ea62 (webtiles) character file.

Game seed: 14016764577055690029

1524 Gwenloh the Basher (level 8, -1/46 HPs)
             Began as a Gargoyle Fighter on May 20, 2021.
             Was a Follower of Qazlal.
             Slain by an orc knight
             ... wielding a +0 war axe
              (18 damage)
             ... in a bailey.
             The game lasted 00:18:04 (6164 turns).

Gwenloh the Basher (Gargoyle Fighter)               Turns: 6164, Time: 00:18:04

Health: -1/46      AC: 15    Str: 23    XL:     8   Next: 84%
Magic:  20/20      EV:  8    Int: 13    God:    Qazlal [*.....]
Gold:   243        SH: 13    Dex: 15    Spells: 7/7 levels left

rFire    + . .     SeeInvis .   o - +10 rapier of Tiej {vorpal, rPois rF+ Str+4 Dex+4}
rCold    . . .     Faith    .   c - +0 kite shield
rNeg     + . .     Spirit   .   b - +0 scale mail
rPois    ∞         Reflect  .   H - +1 helmet
rElec    +         Harm     .   (no cloak)
rCorr    .         Rampage  .   (no gloves)
Will     ++...                  (no boots)
Stlth    ..........             p - amulet of the acrobat
HPRegen  0.15/turn              u - ring of the Mage {Wiz Will++ Int+3}
MPRegen  0.17/turn              J - ring of magical power

@: no status effects
A: negative energy resistance 1, electricity resistance, unbreathing,
petrification resistance, miasma immunity, AC +5
a: Renounce Religion


You were in a bailey.
You worshipped Qazlal.
Qazlal was aware of your devotion.
You visited 1 branch of the dungeon, and saw 7 of its levels.
You also visited: Bailey.

You collected 243 gold pieces.

Inventory:

Hand Weapons
 a - a +1 flail
 i - a +0 spear
 o - the +10 rapier of Tiej (weapon) {vorpal, rPois rF+ Str+4 Dex+4}
   (You took it off an orc on level 5 of the Dungeon)

   It inflicts extra damage upon your enemies.
   It affects your strength (+4).
   It affects your dexterity (+4).
   It protects you from fire.
   It protects you from poison.
 F - a +0 hand crossbow
Missiles
 j - 226 stones
 x - 24 boomerangs (quivered)
Armour
 b - a +0 scale mail (worn)
 c - a +0 kite shield (worn)
 z - a +0 helmet
 H - a +1 helmet (worn)
Jewellery
 p - an amulet of the acrobat (around neck)
 u - the ring of the Mage (left hand) {Wiz Will++ Int+3}
   (You found it on level 4 of the Dungeon)

   [ring of wizardry]

   It improves your spell success rate.
   It affects your intelligence (+3).
   It affects your willpower, your defense against some magical effects.
 G - an uncursed ring of positive energy
 J - a ring of magical power (right hand)
 K - a +6 ring of dexterity
Scrolls
 e - 6 scrolls of remove curse
 h - 4 scrolls of teleportation
 l - 2 scrolls of blinking
 m - 2 scrolls of fear
 n - a scroll of noise
 r - 2 scrolls of immolation
 s - 2 scrolls of random uselessness
 v - 4 scrolls of amnesia
 y - a scroll of fog {unknown}
 A - 2 scrolls of magic mapping {unknown}
 E - a scroll of enchant weapon
Potions
 d - a potion of might
 f - 4 potions of curing {unknown}
 g - a potion of resistance {unknown}
 k - 3 potions of flight {unknown}
 q - 2 potions of heal wounds {unknown}
 t - a potion of brilliance {unknown}
 w - a potion of cancellation {unknown}
 B - a potion of attraction {unknown}
 C - a potion of invisibility {unknown}
 D - a potion of degeneration {unknown}
 I - a potion of lignification {unknown}


   Skills:
 - Level 3.2 Fighting
 * Level 8.0 Maces & Flails
 + Level 5.7 Armour
 + Level 5.7 Shields
 + Level 4.4 Invocations


You had 7 spell levels left.
You didn't know any spells.
Your spell library was empty.

Dungeon Overview and Level Annotations

Branches:
Dungeon (8/15)             Temple (0/1) D:4          Bailey (1/1)
   Lair: D:8-11

Altars:
Dithmenos
Qazlal
Ru
Trog
Zin
The Shining One

Shops:
D:6 [


Innate Abilities, Weirdness & Mutations

You are resistant to torment.
Your stone body is resilient. (AC +5)
You are immune to poison.
You resist negative energy. (rN+)
You are resistant to electric shocks. (rElec)
You can survive without breathing.
You are immune to petrification.
You are immune to miasma.


Message History

The orc warrior is struck by lightning.
The orc warrior hits you with a +0 war axe.
The goblin hits you but does no damage.
You hear a shout! x2
You puncture the orc warrior!
You kill the orc warrior!
Qazlal accepts your kill. You block the goblin's attack.
Your Maces & Flails skill increases to level 8!
You puncture the goblin!
You kill the goblin!
Qazlal accepts your kill.
There is an open gate here.
There is a gate leading back out of this place here.
Okay, then.
Okay, then.
You hit the orc knight.
The orc knight is lightly wounded.
The orc knight hits you with a +0 war axe!!
You die...

#.'((≈≈.......≈≈(('.#
#.###≈≈.......≈≈###.#
#∩(.÷≈≈.......≈≈(.'∩#
#####≈≈.......≈≈#####
##≈.......≈##
####...#### #...#
##'o'## ##..@○.##
#.......# #...∩...#
##.....## #######


You could see an orc knight.

Vanquished Creatures
  2 orc warriors (Bailey)
  Purgy (D:4)
  A sky beast (D:5)
  A phantom (D:6)
  A centaur (D:6)
  Blork the orc (D:4)
  A wyvern skeleton (D:5)
  2 jellies (D:5)
  6 orc priests
  A centaur skeleton (D:4)
  A gnoll shaman (D:8)
  2 orc wizards
  3 worker ants
  3 iguanas
  Robin (D:4)
  2 worker ant zombies
  9 gnolls
  6 adders
  2 shadow imps
  3 ufetubi
  A worm (D:2)
  4 dart slugs
  6 leopard geckos
  24 orcs
  7 bats
  3 giant cockroaches
  18 goblins
  9 hobgoblins
  11 jackals
  4 quokkas
  6 frilled lizards
  18 kobolds
  A leopard gecko zombie (D:5)
  7 rats
168 creatures vanquished.

Vanquished Creatures (others)
  6 plants (D:2)
6 creatures vanquished.

Grand Total: 174 creatures vanquished

Notes
Turn   | Place    | Note
-------+----------+-------------------------------------------
     0 | D:1      | Gwenloh the Gargoyle Fighter began the quest for the Orb.
     0 | D:1      | Reached XP level 1. HP: 14/14 MP: 1/1
   316 | D:1      | Reached XP level 2. HP: 19/19 MP: 2/2
   428 | D:1      | Reached skill level 3 in Maces & Flails
  1032 | D:1      | Reached XP level 3. HP: 23/23 MP: 3/3
  1463 | D:2      | Reached skill level 4 in Maces & Flails
  1466 | D:2      | Reached XP level 4. HP: 22/28 MP: 4/4
  2250 | D:3      | Found a stormy altar of Qazlal.
  2260 | D:3      | Became a worshipper of Qazlal Stormbringer
  2404 | D:3      | Found a shadowy altar of Dithmenos.
  2466 | D:3      | Reached skill level 5 in Maces & Flails
  2538 | D:3      | Reached XP level 5. HP: 32/32 MP: 5/5
  2762 | D:4      | Found the ring of the Mage {Wiz Will++ Int+3}
  2977 | D:4      | Reached * piety under Qazlal
  3091 | D:4      | Found a staircase to the Ecumenical Temple.
  3106 | D:4      | Reached skill level 1 in Invocations
  3121 | D:4      | Reached XP level 6. HP: 18/37 MP: 6/6
  3487 | D:4      | Noticed Robin
  3502 | D:4      | Killed Robin
  3548 | D:4      | Noticed Blork the orc
  3705 | D:4      | Killed Blork the orc
  3706 | D:4      | Reached skill level 6 in Maces & Flails
  3768 | D:4      | Noticed Purgy
  3848 | D:4      | Killed Purgy
  3849 | D:4      | Reached XP level 7. HP: 35/41 MP: 8/8
  3931 | D:4      | Reached ** piety under Qazlal
  3951 | D:4      | Found a glowing golden altar of the Shining One.
  4107 | D:4      | Found a bloodstained altar of Trog.
  4159 | D:4      | Found a glowing silver altar of Zin.
  4187 | D:4      | Found a sacrificial altar of Ru.
  4232 | D:5      | Entered Level 5 of the Dungeon
  4524 | D:5      | Identified the +10 rapier of Tiej {vorpal, rPois rF+ Str+4
                  | Dex+4}
  4721 | D:5      | Reached XP level 8. HP: 46/46 MP: 10/10
  4731 | D:5      | Reached skill level 7 in Maces & Flails
  4835 | D:5      | Found a bloodstained altar of Trog.
  4999 | D:5      | You fall into a shaft and drop 1 floor!
  5009 | D:6      | Reached skill level 5 in Shields
  5332 | D:6      | Reached skill level 5 in Armour
  5459 | D:6      | Found Lil Bily's Armour Shoppe.
  5585 | D:6      | You fall into a shaft and drop 2 floors!
  5755 | D:8      | Found a flagged portal.
  5789 | Bailey   | Entered a bailey
  6147 | Bailey   | Noticed an orc knight
  6150 | Bailey   | Reached skill level 8 in Maces & Flails
  6164 | Bailey   | Slain by an orc knight

Illustrated notes

Levels and vault maps discovered:
D:1:      matt_arrival_spirals, layout_basic
D:2:      layout_basic, serial_bayou_lagoon_a
D:3:      layout_rooms, grunt_dithmenos_smoke_and_mirrors, grunt_qazlal_clouds
D:4:      layout_rooms, lemuel_round_altar, marbit_many_paths, tso_altar,
          zin_treasury, minmay_temple_entry_drinking_statues, uniq_robin,
          uniq_blork_the_orc, uniq_purgy
D:5:      layout_cave_pools, trog_butcher_becter
D:6:      layout_loops_ring, serial_shops, shop_statue
D:8:      layout_loops_ring, david_lair_shrubbed, enter_bailey_5,
          hangedman_decor_clover_reticule
Bailey:   bailey_axe_3, bailey

Skill      XL: |  1  2  3  4  5  6  7  8 |
---------------+-------------------------+-----
Maces & Flails | 3 4 5 6 8 |  8.0
Invocations    | 1 2 3 4 |  4.4
Shields        | 4 5 |  5.7
Armour         | 4 5 |  5.7
Fighting       | |  3.2

Action                   |  1- 3 |  4- 6 |  7- 9 || total
-------------------------+-------+-------+-------++-------
Melee: Flail             |   103 |   289 |    54 ||   446
       Rapier            |       |       |   100 ||   100
Throw: Boomerang         |       |       |    16 ||    16
Invok: Upheaval          |       |       |     9 ||     9
  Use: Potion            |       |     1 |       ||     1
       Scroll            |       |       |    11 ||    11
Armor: Scale mail        |    95 |   206 |    54 ||   355
Dodge: Dodged            |    46 |   127 |    56 ||   229
Block: Kite shield       |    72 |   207 |   148 ||   427
